 Dungeon Crawl Stone Soup version 0.29-a0-371-g91724d5b39 (webtiles) character file.

Game seed: 1704184676820008552

37272 Antichthon the Basher (level 13, -24/84 HPs)
             Began as a Gargoyle Fighter on May 2, 2022.
             Was an Elder of the Shining One.
             Annihilated by Rupert
             ... wielding a +2 vorpal great sword
              (31 damage)
             ... on level 5 of the Lair of Beasts.
             The game lasted 00:33:16 (20153 turns).

Antichthon the Basher (Gargoyle Fighter)           Turns: 20153, Time: 00:33:17

Health: -24/84     AC: 31    Str: 22    XL:     13   Next: 95%
Magic:  19/19      EV: 28    Int: 17    God:    the Shining One [****..]
Gold:   882        SH:  6    Dex: 12    Spells: 12/12 levels left

rFire   + . .      SeeInvis .   a - +7 morningstar (elec)
rCold   . . .      Faith    .   c - +0 buckler
rNeg    + + +      Spirit   .   l - +5 ring mail
rPois   ∞          Reflect  .   H - +0 helmet
rElec   +          Harm     .   E - +1 cloak
rCorr   .          Rampage  .   (no gloves)
Will    ++...                   u - +4 pair of boots of Vexation {rF- Regen+ Int+5}
Stlth   +.........              q - amulet of the acrobat
HPRegen 1.04/turn               b - ring "Osuk Ygh" {rF++ Will+ Dex+3}
MPRegen 0.16/turn               m - ring of willpower

@: acrobatic, hasted, glowing, very quick
A: sickness immunity, AC +9, negative energy resistance 1, electricity
resistance, torment resistance 1, petrification resistance
a: Renounce Religion, Divine Shield, Cleansing Flame


You were on level 5 of the Lair of Beasts.
You worshipped the Shining One.
The Shining One was greatly pleased with you.
You visited 3 branches of the dungeon, and saw 17 of its levels.

You collected 882 gold pieces.

Inventory:

Hand Weapons
 a - a +7 morningstar of electrocution (weapon)
Missiles
 K - 5 silver boomerangs (quivered)
Armour
 c - a +0 buckler (worn)
 l - a +5 ring mail (worn)
 u - the +4 pair of boots of Vexation (worn) {rF- Regen+ Int+5}
   (You found it on level 4 of the Dungeon)

   Int:       It affects your intelligence (+5).
   rF:        It makes you vulnerable to fire.
   Regen:     It increases your rate of health regeneration.
 E - a +1 cloak (worn)
 H - a +0 helmet (worn)
Jewellery
 b - the ring "Osuk Ygh" (left hand) {rF++ Will+ Dex+3}
   (You found it on level 4 of the Dungeon)

   [ring of willpower]

   Dex:       It affects your dexterity (+3).
   rF:        It greatly protects you from fire.
   Will:      It increases your willpower.
 g - a ring of willpower
 m - a ring of willpower (right hand)
 q - an amulet of the acrobat (around neck)
 y - a ring of flight
 J - an amulet of magic regeneration
Wands
 h - a wand of digging (7)
 o - a wand of acid (6)
 v - a wand of flame (33)
 z - a wand of iceblast (5)
 C - a wand of paralysis (4)
Scrolls
 j - 4 scrolls of amnesia
 k - 4 scrolls of magic mapping
 w - 4 scrolls of immolation
 x - 3 scrolls of teleportation
 B - 2 scrolls of enchant weapon
 D - 6 scrolls of identify
 G - a scroll of vulnerability
 I - a scroll of fear
 M - 2 scrolls of silence
 O - a scroll of brand weapon
Potions
 d - 4 potions of might
 e - 5 potions of brilliance
 f - 2 potions of mutation
 i - 3 potions of curing
 n - 6 potions of flight
 p - 3 potions of resistance
 r - 2 potions of berserk rage
 t - 2 potions of lignification
 A - 2 potions of haste
 L - 2 potions of ambrosia
 N - a potion of cancellation


   Skills:
 * Level 11.3 Fighting
 * Level 13.9 Maces & Flails
 * Level 10.2 Armour
 * Level 7.3 Dodging
 * Level 9.9 Shields
 * Level 8.3 Invocations


You had 12 spell levels left.
You didn't know any spells.
Your spell library contained the following spells:

 Spells                   Type           Power      Damage    Failure   Level
 Freeze                   Ice            0%         1d3       38%         1
 Pain                     Necr           0%         1d4       38%         1
 Slow                     Hex            0%         N/A       38%         1
 Summon Small Mammal      Summ           0%         N/A       38%         1
 Corpse Rot               Necr/Air       0%         N/A       54%         2
 Ensorcelled Hibernation  Hex/Ice        0%         N/A       54%         2
 Poisonous Vapours        Pois/Air       0%         N/A       54%         2
 Scorch                   Fire           0%         2d5       54%         2
 Wereblood                Tmut           0%         N/A       54%         2
 Call Canine Familiar     Summ           0%         N/A       77%         3
 Confusing Touch          Hex            0%         N/A       77%         3
 Frozen Ramparts          Ice            0%         1d2       77%         3
 Ozocubu's Armour         Ice            0%         N/A       77%         3
 Spider Form              Tmut/Pois      0%         N/A       77%         3
 Summon Guardian Golem    Hex/Summ       0%         N/A       77%         3
 Tukima's Dance           Hex            0%         N/A       77%         3
 Vampiric Draining        Necr           0%         2d6       77%         3
 Anguish                  Hex/Necr       0%         N/A       99%         4
 Flame Wave               Conj/Fire      0%         2d4       99%         4
 Hailstorm                Conj/Ice       0%         3d3       99%         4
 Olgreb's Toxic Radiance  Pois           0%         N/A       99%         4
 Agony                    Necr           0%         N/A       100%        5
 Blade Hands              Tmut           0%         N/A       100%        5
 Excruciating Wounds      Necr           0%         N/A       100%        5
 Irradiate                Conj/Tmut      0%         3d13      100%        5
 Metabolic Englaciation   Hex/Ice        0%         N/A       100%        5
 Summon Forest            Summ/Tloc      0%         N/A       100%        5
 Eringya's Noxious Bog    Tmut/Pois      0%         N/A       100%        6
 Simulacrum               Ice/Necr       0%         N/A       100%        6
 Summon Cactus Giant      Summ           0%         N/A       100%        6
 Dragon Form              Tmut           0%         N/A       100%        7
 Ozocubu's Refrigeration  Ice            0%         4d5       100%        7
 Summon Hydra             Summ           0%         N/A       100%        7
 Ignition                 Fire           0%         3d3       100%        8
 Sublimation of Blood     Necr           Unusable   N/A       N/A         2

Dungeon Overview and Level Annotations

Branches:
Dungeon (10/15)            Temple (1/1) D:5            Lair (6/6) D:10
  Swamp (0/4) Lair:3       Spider (0/4) Lair:3        Slime (0/5) Lair:5
    Orc: D:9-12

Altars:
Ashenzari
Elyvilon
Hepliaklqana
Kikubaaqudgha
Okawaru
Qazlal
Ru
Sif Muna
Trog
Wu Jian
Xom
Yredelemnul
Zin
The Shining One
Beogh

Shops:
D:9 *

Annotations:
D:10 3 runed translucent doors, SirDiesAlot's ghost, novice DEEE
Lair:5 Rupert


Innate Abilities, Weirdness & Mutations

You are immune to sickness and miasma.
Your stone body is resilient. (AC +9)
You are immune to poison.
You resist negative energy. (rN+)
You are resistant to electric shocks. (rElec)
You are resistant to unholy torment.
You are immune to petrification.


Message History

Aiming: Iceblast
Press: ? - help, Shift-Dir - straight line, f - Rupert
Aim: Rupert, wielding a +2 vorpal great sword and wearing a +0 chain mail (severely wounded, berserk)
The mass of ice explodes!
The iceblast engulfs Rupert.
Rupert is severely wounded.
The iceblast engulfs the fungus!
The fungus begins to die.
The fungus is lightly damaged.
Aiming: Iceblast
Press: ? - help, Shift-Dir - straight line, f/p - Rupert
Aim: Rupert, wielding a +2 vorpal great sword and wearing a +0 chain mail (severely wounded, berserk, haloed)
The mass of ice explodes!
The iceblast engulfs Rupert.
Rupert is severely wounded.
Unknown command.
Okay, then.
You feel much better.
Rupert hits you with a +2 vorpal great sword!!
* * * LOW HITPOINT WARNING * * *
x2 You feel much better.
You block Rupert's attack.
Unknown command.
You hit Rupert but do no damage.
Rupert is severely wounded.
A nearby fungus withers and dies.
You block Rupert's attack.
Unknown command.
You hit Rupert but do no damage. Lightning courses through Rupert!
Rupert is severely wounded.
Rupert closely misses you. Rupert hits you but does no damage.
Unknown command.
You puncture Rupert!
Rupert is almost dead.
Rupert hits you with a +2 vorpal great sword!!
* * * LOW HITPOINT WARNING * * *
x2 Unknown command.
You feel yourself speed up.
Rupert hits you with a +2 vorpal great sword!
* * * LOW HITPOINT WARNING * * *
x2 You block Rupert's attack.
Unknown command.
Rupert attacks as you move away!
Rupert hits you with a +2 vorpal great sword!!
You die...

###'###.PP......PP...###.#
#P...P#.P...........## ###
#.###†#..#..........#
#.#(#.#..##P..#...###
#.#+#.#...........#
#P...P#...........##
#######......##....#
............###.@.##
##...##P.PP...P.@.#
######............#
#...#..####.## ####...####
#.## ##P..#..P# ###
##......### ....###..##
...## ###.# ...## ###


You could see Rupert (berserk).

Vanquished Creatures
  Gastronok (Lair:3)
  A boulder beetle (Lair:3)
  4 hydras
  A centaur warrior (D:8)
  A catoblepas (Lair:3)
  A two-headed ogre (D:8)
  2 death yaks (Lair:5)
  2 lindwurms (Lair:1)
  An ugly thing (D:8)
  11 black mambas
  A torpor snail (Lair:5)
  7 cane toads
  2 rime drakes
  The ghost of RubberRat the Skirmisher, a novice GrBe of Trog (D:4)
  6 komodo dragons
  A hornet (D:7)
  2 trolls
  A polar bear (Lair:5)
  Grinder (D:6)
  7 blink frogs
  7 dream sheep (Lair:5)
  2 jumping spiders (Lair:3)
  A shadow (D:10)
  42 yaks
  2 culicivoras (Lair:3)
  5 wyverns
  4 redbacks (Lair:3)
  7 steam dragons
  4 basilisks
  An acid dragon (D:6)
  16 water moccasins
  7 orc warriors
  A sky beast (D:7)
  A black bear (D:7)
  An ice beast (D:8)
  3 ogres
  6 wolves (Lair:1)
  A phantom (D:5)
  4 centaurs
  4 kobold brigands
  12 bullfrogs
  A gnoll sergeant (D:9)
  2 scorpions
  12 wights
  19 killer bees
  7 howler monkeys
  An electric eel (Lair:3)
  4 hounds
  4 jellies
  Crazy Yiuf (D:6)
  2 gnoll shamans
  An orc priest (D:4)
  4 iguanas
  14 orc wizards
  6 hell rats
  8 gnolls
  4 adders
  3 shadow imps
  2 white imps
  5 worms
  2 dart slugs
  34 orcs
  13 endoplasms
  2 giant cockroaches
  10 goblins
  7 hobgoblins
  2 jackals (D:2)
  3 quokkas
  5 ball pythons
  8 bats
  4 frilled lizards
  20 kobolds
  5 rats
400 creatures vanquished.

Vanquished Creatures (others)
  A yak (Lair:5)
  A steam dragon (D:6)
  28 fungi
  33 plants
  6 toadstools (D:4)
69 creatures vanquished.

Grand Total: 469 creatures vanquished

Notes
Turn   | Place    | Note
-------+----------+-------------------------------------------
     0 | D:1      | Antichthon the Gargoyle Fighter began the quest for the
                  | Orb.
     0 | D:1      | Reached XP level 1. HP: 14/14 MP: 1/1
   176 | D:1      | Reached XP level 2. HP: 18/19 MP: 2/2
   225 | D:1      | Found a faded altar of an unknown god.
   392 | D:2      | Reached XP level 3. HP: 6/23 MP: 3/3
   776 | D:2      | Found a stormy altar of Qazlal.
  1404 | D:2      | Reached XP level 4. HP: 13/28 MP: 4/4
  1852 | D:3      | Noticed a scorpion
  1852 | D:3      | You fall into a shaft and drop 2 floors!
  1852 | D:5      | Entered Level 5 of the Dungeon
  1867 | D:4      | Reached skill level 1 in Invocations
  2196 | D:3      | Killed a scorpion
  2197 | D:3      | Reached skill level 3 in Maces & Flails
  2197 | D:3      | Reached XP level 5. HP: 30/33 MP: 4/6
  2584 | D:3      | Reached skill level 1 in Dodging
  3092 | D:4      | Identified the ring "Osuk Ygh" {rF++ Will+ Dex+3}
  3139 | D:4      | Reached XP level 6. HP: 21/38 MP: 7/7
  3409 | D:4      | Reached skill level 4 in Maces & Flails
  4001 | D:4      | Found a sacrificial altar of Ru.
  4265 | D:4      | Identified the +0 scale mail of Salvation {Will- Int+8}
  4267 | D:4      | Found a runed translucent gate.
  4268 | D:4      | Found a runed translucent gate.
  4269 | D:4      | Found a runed translucent gate.
  4275 | D:4      | Noticed RubberRat's ghost (novice GrBe)
  4644 | D:5      | Reached XP level 7. HP: 43/43 MP: 8/8
  4890 | D:5      | Reached skill level 5 in Maces & Flails
  4890 | D:5      | Reached skill level 5 in Armour
  4976 | D:5      | Found a staircase to the Ecumenical Temple.
  4985 | Temple   | Entered the Ecumenical Temple
  5102 | Temple   | Became a worshipper of the Shining One
  5718 | D:5      | Reached XP level 8. HP: 24/48 MP: 8/10
  6113 | D:5      | Reached skill level 5 in Fighting
  6623 | D:6      | Reached skill level 5 in Shields
  6663 | D:6      | Noticed Grinder
  6681 | D:6      | Killed Grinder
  6854 | D:6      | Found a runed translucent door.
  6855 | D:6      | Noticed Crazy Yiuf
  7152 | D:6      | Reached XP level 9. HP: 52/55 MP: 11/11
  8610 | D:7      | Reached skill level 6 in Maces & Flails
 10113 | D:8      | Reached * piety under the Shining One
 10113 | D:8      | Noticed a hornet
 10198 | D:7      | Killed a hornet
 10199 | D:7      | Reached XP level 10. HP: 43/63 MP: 13/13
 11419 | D:9      | Reached skill level 5 in Invocations
 11612 | D:9      | Reached ** piety under the Shining One
 11653 | D:9      | Reached skill level 7 in Maces & Flails
 11889 | D:9      | Noticed an eight-headed hydra
 12316 | D:4      | Killed RubberRat's ghost
 12317 | D:4      | Reached skill level 5 in Dodging
 12385 | D:4      | Identified the +4 pair of boots of Vexation {rF- Regen+
                  | Int+5}
 12611 | D:6      | Killed Crazy Yiuf
 12723 | D:9      | Noticed a centaur warrior
 12856 | D:9      | Noticed a brown ugly thing
 12876 | D:8      | Killed a centaur warrior
 12899 | D:9      | Noticed a two-headed ogre
 12905 | D:8      | Reached skill level 8 in Maces & Flails
 12911 | D:8      | Reached XP level 11. HP: 65/69 MP: 15/15
 12917 | D:9      | Noticed an eight-headed hydra
 12951 | D:8      | Killed an eight-headed hydra
 13142 | D:8      | Killed a brown ugly thing
 13213 | D:8      | Killed a two-headed ogre
 13272 | D:8      | Reached skill level 9 in Maces & Flails
 13583 | D:9      | Got the Incunabulum of Hexes
 14046 | D:9      | Found Usiz's Neck Hole.
 14183 | D:9      | Killed an eight-headed hydra
 14420 | D:10     | Entered Level 10 of the Dungeon
 14691 | D:10     | Found a staircase to the Lair.
 14711 | D:10     | Reached skill level 10 in Maces & Flails
 14941 | D:10     | Found a runed translucent gate.
 14942 | D:10     | Found a runed translucent gate.
 14943 | D:10     | Found a runed translucent gate.
 14948 | D:10     | Noticed SirDiesAlot's ghost (novice DEEE)
 15280 | Lair:1   | Entered Level 1 of the Lair of Beasts
 15299 | Lair:1   | Reached XP level 12. HP: 63/76 MP: 16/16
 15316 | Lair:1   | Reached *** piety under the Shining One
 15444 | Lair:1   | Found an ancient bone altar of Kikubaaqudgha.
 15838 | Lair:1   | Reached skill level 11 in Maces & Flails
 16226 | Lair:2   | Reached skill level 10 in Fighting
 16985 | Lair:3   | Found a hole to the Spider Nest.
 17013 | Lair:3   | Reached skill level 12 in Maces & Flails
 17242 | Lair:3   | Reached XP level 13. HP: 83/83 MP: 18/18
 17312 | Lair:3   | Found a staircase to the Swamp.
 17393 | Lair:3   | Noticed Gastronok
 17405 | Lair:3   | Killed Gastronok
 17839 | Lair:3   | Reached **** piety under the Shining One
 18605 | Lair:4   | Reached skill level 13 in Maces & Flails
 19416 | Lair:5   | Reached skill level 10 in Armour
 19547 | Lair:5   | Found a staircase to the Slime Pits.
 20026 | Lair:6   | Entered Level 6 of the Lair of Beasts
 20126 | Lair:6   | Noticed Rupert
 20153 | Lair:5   | Annihilated by Rupert

Illustrated notes

Levels and vault maps discovered:
D:1:      amcnicky_arrival_feature_with_door, layout_basic,
          basic_ecumenical_altar
D:2:      layout_rooms, basic_altar, minmay_misc_feat_doors, grunt_ministairs_14
D:3:      layout_loops_ring
D:4:      cheibrodos_fertilizer, layout_gridville, marbit_many_paths,
          biasface_ghost_orc_armoury
D:5:      layout_loops_corners, minmay_temple_entry_junction,
          grunt_ministairs_12
D:6:      kennysheep_steamy, layout_basic, uniq_crazy_yiuf_cottage, uniq_grinder
D:7:      layout_gridville
D:8:      layout_loops_corners
D:9:      nzn_winding_woodlands_stair_cross [nzn_winding_woodlands_5x15_pockets,
          nzn_winding_woodlands_center_garden,
          nzn_winding_woodlands_5x15_sawtooth,
          nzn_winding_woodlands_5x5_closed_star,
          nzn_winding_woodlands_5x5_cross,
          nzn_winding_woodlands_5x15_concentric,
          nzn_winding_woodlands_center_triple_pond,
          nzn_winding_woodlands_5x15_longhouse], layout_irregular_city,
          nicolae_shop_sticking_my_neck_out
D:10:     layout_stronghold, lair_entry_dummy, gammafunk_ghost_spectres
Temple:   mainiacjoe_temple_circle_huts
Lair:1:   layout_chaotic_city, basic_altar, nicolae_lair_lindhole
Lair:2:   layout_regular_city, roderic_batcave
Lair:3:   layout_layer_cave, swamp_mist_pool, nicolae_spider_entry_tight_spaces,
          lemuel_fruit_tree, uniq_gastronok
Lair:4:   layout_regular_city
Lair:5:   layout_loops_ring, nicolae_slime_entry_slimehenge,
          minmay_shattered_shrine
Lair:6:   hellmonk_lair_end_abyssal_woods, layout_hall_layers,
          serial_bayou_shore_b, uniq_rupert

Skill      XL: |  1  2  3  4  5  6  7  8  9 10 11 12 13 |
---------------+----------------------------------------+-----
Invocations    | 1 2 3 4 5 6 7 8 |  8.3
Maces & Flails | 3 4 5 6 8 10 12 13 | 13.9
Armour         | 4 5 6 7 8 9 10 | 10.2
Dodging        | 1 2 3 4 5 6 7 |  7.3
Fighting       | 4 6 7 8 9 10 11 | 11.3
Shields        | 4 5 6 7 8 9 |  9.9

Action                   |  1- 3 |  4- 6 |  7- 9 | 10-12 | 13-15 || total
-------------------------+-------+-------+-------+-------+-------++-------
Melee: Flail             |   110 |   206 |       |   102 |       ||   418
       Broad axe         |       |     1 |   291 |    62 |       ||   354
       Morningstar       |       |       |       |   468 |   272 ||   740
Evoke: Wand              |       |       |       |       |     2 ||     2
  Use: Scroll            |     3 |     4 |    10 |    10 |     3 ||    30
       Potion            |       |       |     5 |     2 |     3 ||    10
Armor: Scale mail        |    71 |     5 |       |       |       ||    76
       Ring mail         |       |    87 |   235 |   424 |   128 ||   874
Dodge: Dodged            |    58 |   124 |   332 |   495 |   162 ||  1171
Block: Buckler           |    36 |    48 |   128 |   221 |    89 ||   522

Table legend: (Time is in decaauts)
 A = Elapsed time spent in this place.
 B = Non-inter-level travel time spent in this place.
 C = Inter-level travel time spent in this place.
 D = Time resting spent in this place.
 E = Time spent auto-exploring this place.
 F = Levels seen in this place.
 G = Mean time per level.
                   A        B        C        D        E       F      G
               +--------+--------+--------+--------+--------+-----+--------+
         Total |  20412 |  19658 |    754 |   3830 |  11256 |  17 | 1200.7 |
       Dungeon |  15431 |  14862 |    569 |   3808 |   7734 |  10 | 1543.1 |
        Temple |    142 |    119 |     23 |      0 |     96 |   1 |  142.0 |
          Lair |   4838 |   4676 |    162 |     22 |   3426 |   6 |  806.3 |
               +--------+--------+--------+--------+--------+-----+--------+

Top non-repeatable levels by time:
     D:6: 2817 daAuts
     D:8: 2109 daAuts
     D:4: 1853 daAuts
     D:5: 1676 daAuts
     D:9: 1663 daAuts
     D:2: 1544 daAuts
     D:7: 1529 daAuts
  Lair:3: 1343 daAuts
     D:3: 1141 daAuts
  Lair:5: 903 daAuts
  Lair:1: 854 daAuts
  Lair:2: 845 daAuts
  Lair:4: 839 daAuts
    D:10: 751 daAuts
     D:1: 344 daAuts
